 Dungeon Crawl Stone Soup version 0.28.0-62-gf88900778d (webtiles) character file.

Game seed: 7761768806745382665

9819 cbfl8 the Cleaver (level 11, -4/97 HPs)
             Began as a Minotaur Berserker on Oct 2, 2023.
             Was an Elder of Trog.
             Killed from afar by an orc wizard (7 damage)
             ... with a puff of flame
             ... on level 10 of the Dungeon.
             The game lasted 00:10:19 (8939 turns).

cbfl8 the Cleaver (Minotaur Berserker)              Turns: 8939, Time: 00:10:20

Health: -4/97      AC: 17    Str: 22    XL:     11   Next: 28%
Magic:  10/10      EV:  7    Int:  4    God:    Trog [****..]
Gold:   428        SH:  5    Dex: 14    Spells: 10/10 levels left

rFire   . . .      SeeInvis +   t - +2 war axe (flame)
rCold   . . .      Faith    .   u - +0 buckler
rNeg    . . .      Spirit   .   a - +0 plate armour
rPois   +          Reflect  .   (helmet restricted)
rElec   .          Harm     .   h - +0 cloak
rCorr   .          Rampage  .   n - +0 pair of gloves
Will    .....                   (no boots)
Stlth   ..........              (no amulet)
HPRegen 0.26/turn               s - ring of see invisible
MPRegen 0.12/turn               E - ring of poison resistance

@: on berserk cooldown
A: horns 2, retaliatory headbutt
a: Renounce Religion, Berserk, Trog's Hand, Brothers in Arms


You were on level 10 of the Dungeon.
You worshipped Trog.
Trog was greatly pleased with you.
You visited 1 branch of the dungeon, and saw 10 of its levels.
You also visited: Bailey.

You collected 558 gold pieces.
You spent 130 gold pieces at shops.

Inventory:

Hand Weapons
 f - a +0 broad axe
 i - a +2 hand axe of electrocution
 t - a +2 war axe of flaming (weapon)
Armour
 a - a +0 plate armour (worn)
 h - a +0 cloak (worn)
 n - a +0 pair of gloves (worn)
 u - a +0 buckler (worn)
Jewellery
 s - a ring of see invisible (left hand)
 E - a ring of poison resistance (right hand)
 F - a +6 ring of strength
Wands
 z - a wand of polymorph (4)
Scrolls
 c - 2 scrolls of noise
 e - a scroll of teleportation
 j - 2 scrolls of fear
 q - a scroll of enchant armour {unknown}
 r - 3 scrolls of enchant weapon
 w - a scroll of vulnerability {unknown}
 x - 2 scrolls of fog {unknown}
 y - a scroll of brand weapon {unknown}
 D - 2 scrolls of magic mapping {unknown}
Potions
 b - a potion of ambrosia {unknown}
 g - 2 potions of berserk rage {unknown}
 k - 2 potions of invisibility {unknown}
 l - a potion of might {unknown}
 m - 2 potions of magic {unknown}
 o - 3 potions of haste
 p - 4 potions of curing {unknown}
 v - 2 potions of mutation {unknown}
 A - a potion of brilliance {unknown}
 B - a potion of lignification {unknown}
 C - a potion of degeneration {unknown}


   Skills:
 + Level 9.1 Fighting
 + Level 13.4 Axes
 + Level 10.5 Armour
 - Level 2.1 Dodging
 + Level 3.5 Shields
 + Level 1.5 Unarmed Combat
 * Level 7.2 Evocations


You had 10 spell levels left.
You didn't know any spells.
Your spell library was empty.

Dungeon Overview and Level Annotations

Branches:
Dungeon (10/15)            Temple (0/1) D:6          Bailey (visited)
   Lair: D:8-11         Orc: D:9-12

Altars:
Kikubaaqudgha

Shops:
D:6 *


Innate Abilities, Weirdness & Mutations

You have a pair of horns on your head.
You reflexively headbutt those who attack you in melee.


Message History

The killer bee stings you. The killer bee barely misses you.
You furiously retaliate!
You headbutt the killer bee! The killer bee stings you. x2
There is a stone staircase leading down here.
You block the killer bee's attack.
The killer bee stings you but does no damage.
The killer bee stings you.
You climb downwards.
The yak bellows! x3
Found a book of the Sky.
There is a stone staircase leading up here.
You miss the killer bee. Your headbutt misses the killer bee.
The killer bee is severely wounded.
The killer bee stings you. x3
As you read the scroll of teleportation, it crumbles to dust.
You feel strangely unstable.
The killer bee stings you but does no damage. x3
You feel yourself speed up.
Your surroundings suddenly seem different. 6 orcs and 6 killer bees come into view.
An orc wizard is wielding a +2 dagger of freezing.
Found a scroll of amnesia and an iron wand.
The orc shouts!
The orc warrior shouts!
The orc priest shouts!
The killer bee buzzes angrily. x6
The killer bee barely misses you. You furiously retaliate!
You headbutt the killer bee, but do no damage.
The orc hits you with a +0 club.
The orc priest invokes the aid of Beogh against you.
Beogh smites you!
* * * LOW HITPOINT WARNING * * *
The orc warrior hits you from afar with a +0 trident!
* * * LOW HITPOINT WARNING * * *
The killer bee barely misses you. You furiously retaliate!
You headbutt the killer bee. The killer bee closely misses you.
The orc hits you but does no damage.
The orc warrior hits you from afar with a +0 trident!
* * * LOW HITPOINT WARNING * * *
The orc wizard points at you and mumbles some strange words.
The puff of flame hits you!
You die...

#........ #. ..#
:..#.... #.
..######......
##.###...#.........#
#.......... #.....#
#.......... ###.<.Y
#..y............y..#
#.yyyo...#####......
#oo@yyo..# ###....
#..oo....# ##...
#........# #...
.......?..# ..#.
........./... .##.
#....###.####. #...#
.# #### ..


You could see an orc warrior, 6 killer bees, an orc priest, 2 orc wizards and 2
orcs.

Vanquished Creatures
  Erolcha (D:9)
  2 vault guards (Bailey)
  Pikel (D:4)
  Maggie (D:6)
  2 hellwings (D:7)
  A meliai (D:9)
  Prince Ribbit (Bailey)
  A meliai zombie (D:7)
  Eustachio (D:6)
  Grum (D:9)
  4 humans (Bailey)
  4 orc warriors
  A sky beast (D:8)
  A hornet zombie (D:7)
  2 necrophages (D:6)
  A centaur (D:9)
  2 ogres
  4 wolves (D:9)
  2 lemures (D:4)
  A phantom (D:5)
  A kobold brigand (D:9)
  Blork the orc (D:6)
  9 bullfrogs
  A scorpion (D:3)
  A water moccasin skeleton (D:5)
  5 killer bees (D:8)
  4 wights (D:9)
  6 centaur zombies
  A bullfrog zombie (D:5)
  4 hounds
  2 jellies
  Crazy Yiuf (D:3)
  4 bullfrog skeletons
  2 centaur skeletons (D:7)
  5 orc priests
  3 iguanas
  12 orc wizards
  A howler monkey zombie (D:9)
  6 adders
  4 shadow imps
  2 white imps (D:7)
  3 worms
  3 dart slugs
  30 orcs
  3 endoplasms
  2 giant cockroaches
  9 goblins
  12 hobgoblins
  3 jackals (D:1)
  6 ball pythons
  5 bats
  5 frilled lizards
  9 kobolds
  3 rats
202 creatures vanquished.

Vanquished Creatures (others)
  A fungus (D:3)
  A plant (D:4)
  3 withered plants (D:7)
5 creatures vanquished.

Grand Total: 207 creatures vanquished

Notes
Turn   | Place    | Note
-------+----------+-------------------------------------------
     0 | D:1      | cbfl8 the Minotaur Berserker began the quest for the Orb.
     0 | D:1      | Reached XP level 1. HP: 19/19 MP: 0/0
   350 | D:1      | Reached XP level 2. HP: 17/27 MP: 1/1
   533 | D:1      | Reached skill level 4 in Axes
   896 | D:1      | Reached skill level 1 in Evocations
  1031 | D:2      | Reached ** piety under Trog
  1092 | D:2      | Reached XP level 3. HP: 32/33 MP: 2/2
  1920 | D:3      | Reached XP level 4. HP: 36/40 MP: 3/3
  1977 | D:3      | Found an ancient bone altar of Kikubaaqudgha.
  2165 | D:3      | Found a faded altar of an unknown god.
  2166 | D:3      | Noticed a scorpion
  2174 | D:3      | Killed a scorpion
  2292 | D:3      | Found a runed translucent door.
  2293 | D:3      | Noticed Crazy Yiuf
  2300 | D:3      | Killed Crazy Yiuf
  2301 | D:3      | Reached skill level 5 in Axes
  2301 | D:3      | Reached XP level 5. HP: 47/47 MP: 4/4
  2431 | D:4      | Noticed an ogre
  2436 | D:4      | Killed an ogre
  2729 | D:4      | Reached XP level 6. HP: 53/53 MP: 5/5
  2874 | D:4      | Noticed Pikel
  2880 | D:4      | Paralysed by Pikel for 3 turns
  2890 | D:4      | Killed Pikel
  2891 | D:4      | Reached skill level 5 in Fighting
  2891 | D:4      | Reached skill level 7 in Axes
  2891 | D:4      | Reached skill level 5 in Armour
  2891 | D:4      | Reached XP level 7. HP: 61/61 MP: 6/6
  3339 | D:5      | Entered Level 5 of the Dungeon
  3635 | D:5      | Reached *** piety under Trog
  4003 | D:5      | Reached skill level 8 in Axes
  4003 | D:5      | Reached XP level 8. HP: 69/69 MP: 7/7
  4236 | D:6      | Found Laoralavy's General Store.
  4239 | D:6      | Bought a scroll of teleportation for 30 gold pieces
  4239 | D:6      | Bought a potion of haste for 100 gold pieces
  4245 | D:6      | Noticed Maggie
  4255 | D:6      | Killed Maggie
  4467 | D:6      | Reached skill level 9 in Axes
  4821 | D:6      | Noticed Eustachio
  4827 | D:6      | Killed Eustachio
  4882 | D:6      | Noticed Blork the orc
  4890 | D:6      | Killed Blork the orc
  4891 | D:6      | Reached XP level 9. HP: 47/75 MP: 8/8
  5097 | D:6      | Reached skill level 10 in Axes
  5097 | D:6      | Found a staircase to the Ecumenical Temple.
  5511 | D:7      | Reached skill level 5 in Evocations
  5611 | D:7      | Found a flagged portal.
  5649 | Bailey   | Entered a bailey
  5715 | Bailey   | Reached skill level 11 in Axes
  5788 | Bailey   | Reached skill level 1 in Unarmed Combat
  6019 | Bailey   | Reached skill level 1 in Shields
  6025 | Bailey   | Reached **** piety under Trog
  6091 | Bailey   | Noticed a vault guard
  6097 | Bailey   | Reached XP level 10. HP: 86/86 MP: 9/9
  6100 | Bailey   | Killed a vault guard
  6269 | Bailey   | Noticed a vault guard
  6269 | Bailey   | Noticed Prince Ribbit
  6279 | Bailey   | Killed a vault guard
  6280 | Bailey   | Reached skill level 12 in Axes
  6284 | Bailey   | Killed Prince Ribbit
  7089 | D:7      | Reached skill level 10 in Armour
  7526 | D:8      | Reached skill level 13 in Axes
  7554 | D:8      | Reached XP level 11. HP: 93/95 MP: 10/10
  8514 | D:9      | Noticed Grum
  8537 | D:9      | Killed Grum
  8821 | D:9      | Noticed a deep elf zephyrmancer
  8822 | D:9      | Noticed a boulder beetle
  8892 | D:9      | Noticed Erolcha
  8902 | D:9      | Killed Erolcha
  8918 | D:9      | Noticed a wizard
  8936 | D:10     | Entered Level 10 of the Dungeon
  8939 | D:10     | HP: 3/97 [orc warrior/+0 trident (15)]
  8939 | D:10     | Killed from afar by an orc wizard

Illustrated notes

Levels and vault maps discovered:
D:1:      dpeg_arrival_castle, layout_loops_cross, supply_closet_lemuel,
          st_stairs_13
D:2:      layout_loops_cross
D:3:      layout_rooms, kiku_gazebo_garden_becter,
          dreamdust_ecumenical_altar_grove, hangedman_decor_push,
          uniq_crazy_yiuf_cottage
D:4:      corexii_shack_village, layout_basic, uniq_pikel
D:5:      layout_loops_corners
D:6:      layout_gridville, minmay_temple_entry_offerings, serial_shops,
          nicolae_shop_behind_doors, uniq_eustachio, uniq_maggie,
          uniq_blork_the_orc
D:7:      cheibrodos_grave_circle, layout_cave_pools, enter_bailey_2
D:8:      layout_gridville
D:9:      minmay_the_grid_square_5x5_4x4 [minmay_the_grid_square_5x5_corner,
          minmay_the_grid_square_5x5_meh, minmay_the_grid_square_5x5_checkered,
          minmay_the_grid_square_5x5_intrusive_squares,
          minmay_the_grid_square_5x5_half_checkered,
          minmay_the_grid_square_5x5_prize_rear_guard,
          minmay_the_grid_square_5x5_prize_pseudospiral,
          minmay_the_grid_square_5x5_bite, minmay_the_grid_square_5x5_minimal,
          minmay_the_grid_square_5x5_prize_junk,
          minmay_the_grid_square_5x5_prize_monsterx,
          minmay_the_grid_square_5x5_n, minmay_the_grid_square_5x5_mess,
          minmay_the_grid_square_5x5_c, minmay_the_grid_square_5x5_shrine1,
          minmay_the_grid_square_5x5_bridge], layout_layer_cave, special_room
          [special_room_kobold], uniq_grum, uniq_erolcha, uniq_prince_ribbit1,
          uniq_erica
D:10:     layout_rooms, david_lair_generic, hangedman_ranch, uniq_joseph

Skill      XL: |  1  2  3  4  5  6  7  8  9 10 11 |
---------------+----------------------------------+-----
Axes           | 4 5 7 8 9 11 13 | 13.4
Fighting       | 4 5 6 7 8 9 |  9.1
Evocations     | 1 2 3 4 5 6 7 |  7.2
Armour         | 3 4 5 6 7 8 10 | 10.5
Unarmed Combat | 1 |  1.5
Shields        | 1 3 |  3.5
Dodging        | |  2.1

Action                   |  1- 3 |  4- 6 |  7- 9 | 10-12 || total
-------------------------+-------+-------+-------+-------++-------
Melee: Hand axe          |    80 |    50 |    81 |       ||   211
       Headbutt          |    14 |     8 |    38 |    37 ||    97
       Punch             |       |       |     2 |       ||     2
       War axe           |       |       |    94 |   187 ||   281
       Unarmed           |       |       |     8 |       ||     8
Invok: Berserk           |       |     3 |     2 |     4 ||     9
       Trog's Hand       |       |       |     1 |     1 ||     2
Evoke: Wand              |       |       |     2 |       ||     2
  Use: Scroll            |     2 |       |     3 |     4 ||     9
       Potion            |       |       |     1 |     2 ||     3
 Stab: Paralysed         |       |       |     1 |       ||     1
Armor: Ring mail         |    25 |     5 |       |       ||    30
       Plate armour      |       |    31 |   135 |   129 ||   295
       Skin              |       |       |     3 |       ||     3
Dodge: Dodged            |    40 |    19 |    80 |    76 ||   215
Block: Buckler           |       |       |    19 |    45 ||    64
